 Dungeon Crawl Stone Soup version 0.30-a0-279-g4b46babb21 (webtiles) character file.

Game seed: 7703095016386443919

51 lunkers the Conjurer (level 3, 0/10 (31) HPs)
             Began as an Armataur Reaver on Oct 16, 2022.
             Slain by Edmund
             ... wielding a +2 vorpal flail
              (1 damage)
             ... on level 4 of the Dungeon.
             The game lasted 00:01:52 (1200 turns).

lunkers the Conjurer (Armataur Reaver)              Turns: 1200, Time: 00:01:52

HP:   0/10 (31)     AC:  8    Str: 17    XL:     3   Next: 57%
MP:   0/5           EV:  9    Int: 19    God:
Gold: 73            SH:  0    Dex:  8    Spells: 2/5 levels left

rFire   . . .      SeeInvis .    a - +6 trident "Nom Xudo" {flame, Int+4}
rCold   . . .      Faith    .    (no shield)
rNeg    . . .      Spirit   .    b - +0 leather armour
rPois   .          Reflect  .    (no helmet)
rElec   .          Harm     .    (no cloak)
rCorr   .          Roll     +    (no gloves)
Will    .....                    (no barding)
Stlth   +.........               (no amulet)
HPRegen 0.21/turn                g - ring of flight
MPRegen 0.09/turn                p - +4 ring of protection

@: flying, extremely drained
A: large, rugged brown scales 3, deformed body, armoured tail, roll, long
tongue, awkward tongue
a: no special abilities


You were on level 4 of the Dungeon.
You visited 1 branch of the dungeon, and saw 4 of its levels.

You collected 73 gold pieces.

Inventory:

Hand Weapons
 a - the +6 trident "Nom Xudo" (weapon) {flame, Int+4}
   (You found it on level 2 of the Dungeon)

   It burns those it strikes, dealing additional fire damage.
   Int:       It affects your intelligence (+4).
 m - a +0 mace
Armour
 b - a +0 leather armour (worn)
Jewellery
 g - a ring of flight (left hand)
 p - a +4 ring of protection (right hand)
Scrolls
 d - 5 scrolls of identify {unknown}
 i - a scroll of brand weapon {unknown}
 l - 3 scrolls of immolation {unknown}
Potions
 c - 2 potions of lignification {unknown}
 e - a potion of curing {unknown}
 f - a potion of might {unknown}
 h - a potion of heal wounds
 j - a potion of berserk rage {unknown}
 k - a potion of degeneration {unknown}
 n - a potion of cancellation {unknown}
 o - a potion of haste {unknown}


   Skills:
 - Level 1.7 Fighting
 - Level 2.6 Maces & Flails
 * Level 1.5 Polearms
 - Level 1.3 Dodging
 - Level 1.7 Spellcasting
 - Level 3.6 Conjurations


You had 2 spell levels left.
You knew the following spells:

 Your Spells              Type           Power      Damage    Failure   Level
b - Momentum Strike       Conj/Tloc      16%        3d8       16%         2
p - Kiss of Death         Conj/Necr      32%        2d7       10%         1

Your spell library contained the following spells:

 Spells                   Type           Power      Damage    Failure   Level
 Freeze                   Ice            4%         1d3       22%         1
 Hailstorm                Conj/Ice       8%         3d4       30%         3
 Frozen Ramparts          Ice            2%         1d1       54%         3
 Passage of Golubria      Tloc           1%         N/A       91%         4
 Silence                  Hex/Air        0%         N/A       99%         5
 Conjure Ball Lightning   Conj/Air       4%         3x3d6     100%        6
 Discord                  Hex            0%         N/A       100%        8
 Disjunction              Tloc           0%         N/A       100%        8
 Lehudib's Crystal Spear  Conj/Erth      4%         10d3      100%        8


Dungeon Overview and Level Annotations

Branches:
Dungeon (4/15)
 Temple: D:4-7

Altars:

Shops:
D:3 (

Annotations:
D:4 Edmund


Innate Abilities, Weirdness & Mutations

You are completely covered in rugged brown scales. (AC +3, +7% HP)
Armour fits poorly on your strangely shaped body.
You have a long armoured tail.
You roll when moving toward enemies. (Rampage)
Your long tongue fully drains potion bottles. (2x potion effects)
Your tongue gives you trouble enunciating. (1.5x scroll delay)


Message History

Unknown command.
You puncture Edmund! You burn Edmund.
Edmund is heavily wounded.
Edmund closely misses you.
You barely miss Edmund.
Edmund is heavily wounded.
Edmund hits you with a +2 vorpal flail.
* * * LOW HITPOINT WARNING * * *
* * * LOW HITPOINT WARNING * * *
You barely miss Edmund.
Edmund is heavily wounded.
Edmund hits you but does no damage. Edmund closely misses you.
Casting: Kiss of Death (safe; 10% risk of failure)
Confirm with . or Enter, or press ? or * to list all spells.
Aiming: Kiss of Death (safe; 10% risk of failure)
Press: ? - help, Shift-Dir - straight line, f/p - Edmund
Aim: Edmund, wielding a +2 vorpal flail and wearing a +0 scale mail (heavily wounded, heavily drained, 100% to hit)
The negative energy hits Edmund.
Edmund is drained!
Edmund is severely wounded.
You feel drained.
* * * LOW MAGIC WARNING * * *
Edmund hits you with a +2 vorpal flail.
* * * LOW HITPOINT WARNING * * *
* * * LOW HITPOINT WARNING * * *
Reach: a) +6 trident "Nom Xudo" {flame, Int+4}
Press: ? - help, Dir - move target, f/p - Edmund
Aim: Edmund, wielding a +2 vorpal flail and wearing a +0 scale mail (severely wounded, heavily drained, about 36% to evade the +6 trident "Nom Xudo")
You puncture Edmund! You burn Edmund.
Edmund is almost dead.
Edmund hits you but does no damage.
Unknown command.
Unknown command.
Reach: a) +6 trident "Nom Xudo" {flame, Int+4}
Press: ? - help, Dir - move target, f/p - Edmund
Aim: Edmund, wielding a +2 vorpal flail and wearing a +0 scale mail (almost dead, heavily drained, about 36% to evade the +6 trident "Nom Xudo")
You barely miss Edmund.
Edmund is almost dead.
Edmund hits you with a +2 vorpal flail.
* * * LOW HITPOINT WARNING * * *
You die...

.......#.......#.............
.......#.......#.............
.<.....#.......#....†........
.#######.......######'##
#####..####............#
..........#............#
..........#............#
..........#......@.....#
.####...###.....@).....#
######'########.....####
#.......#....#.....#
#.......#....'.....#
#.......'....#.....#
##############.....# #######


You could see Edmund (very drained).

Vanquished Creatures
  An adder (D:2)
  A dart slug (D:1)
  4 endoplasms
  2 giant cockroaches
  2 goblins
  5 hobgoblins
  4 jackals (D:4)
  2 quokkas
  5 ball pythons
  2 bats (D:1)
  A frilled lizard (D:1)
  3 kobolds (D:1)
  4 rats
36 creatures vanquished.

Notes
Turn   | Place    | Note
-------+----------+-------------------------------------------
     0 | D:1      | lunkers the Armataur Reaver began the quest for the Orb.
     0 | D:1      | Reached XP level 1. HP: 18/18 MP: 3/3
    39 | D:1      | Reached skill level 3 in Conjurations
   148 | D:1      | Reached XP level 2. HP: 25/25 MP: 4/4
   154 | D:1      | Learned a level 2 spell: Momentum Strike
   784 | D:2      | Identified the +6 trident "Nom Xudo" {flame, Int+4}
   897 | D:2      | Reached skill level 1 in Polearms
   897 | D:2      | Reached XP level 3. HP: 31/31 MP: 5/5
   970 | D:3      | Found Howul's Antique Weapon Shoppe.
  1176 | D:4      | Noticed Edmund
  1200 | D:4      | Slain by Edmund

Illustrated notes

Levels and vault maps discovered:
D:1:      minmay_arrival_cross, layout_loops_ring
D:2:      layout_basic, serial_park_tiny_1
D:3:      layout_rooms, serial_shops, nicolae_shop_hallway_plus,
          chequers_big_river, cheibrodos_gnoll_hut
D:4:      layout_gridville, uniq_edmund

Skill      XL: |  1  2 |
---------------+-------+-----
Conjurations   | 3 |  3.6
Polearms       | 1 |  1.5
Fighting       | |  1.7
Maces & Flails | |  2.6
Dodging        | |  1.3
Spellcasting   | |  1.7

Action                   || total
-------------------------++-------
Melee: Mace              ||    49
       Tailslap          ||     7
       Trident           ||    37
       Punch             ||     1
 Cast: Kiss of Death     ||     4
       Momentum Strike   ||     1
Armor: Leather armour    ||    35
Dodge: Dodged            ||    43

Table legend: (Time is in decaauts)
 A = Elapsed time spent in this place.
 B = Non-inter-level travel time spent in this place.
 C = Inter-level travel time spent in this place.
 D = Time resting spent in this place.
 E = Time spent auto-exploring this place.
 F = Levels seen in this place.
 G = Mean time per level.
                   A        B        C        D        E       F      G
               +--------+--------+--------+--------+--------+-----+--------+
         Total |   1219 |   1156 |     63 |      0 |    935 |   4 |  304.8 |
       Dungeon |   1219 |   1156 |     63 |      0 |    935 |   4 |  304.8 |
               +--------+--------+--------+--------+--------+-----+--------+

Top non-repeatable levels by time:
     D:1: 761 daAuts
     D:2: 223 daAuts
     D:4: 177 daAuts
     D:3: 57 daAuts
